 Dungeon Crawl Stone Soup version 0.30-a0-394-g3e4acdb0ae (webtiles) character file.

Game seed: 15018620725790782509

242 flotson the Sneak (level 5, -16/37 HPs)
             Began as a Demonspawn Delver on Dec 7, 2022.
             Was a Believer of Hepliaklqana.
             Killed from afar by a steam dragon (20 damage)
             ... with a ball of steam
             ... on level 4 of the Dungeon.
             The game lasted 00:07:23 (2675 turns).

flotson the Sneak (Demonspawn Delver)               Turns: 2675, Time: 00:07:25

Health: -16/37     AC:  8    Str: 14    XL:     5   Next: 81%
Magic:  6/6        EV: 11    Int: 11    God:    Hepliaklqana [**....]
Gold:   96         SH:  5    Dex: 17    Spells: 4/4 levels left

rFire   . . .      SeeInvis .    r - +2 dagger (freeze)
rCold   . . .      Faith    .    (no shield)
rNeg    . . .      Spirit   .    o - +0 ring mail
rPois   .          Reflect  +    x - +0 helmet
rElec   .          Harm     .    u - +0 cloak
rCorr   .          Rampage  .    (no gloves)
Will    .....                    z - +0 pair of boots
Stlth   +++.......               n - amulet of reflection
HPRegen 0.26/turn                (no ring)
MPRegen 0.10/turn                (no ring)

@: brilliant, hasted, very quick
A: reduced essence, claws 1, thin skeletal structure 1
a: Renounce Religion, Recall Ancestor, Ancestor Identity


You were on level 4 of the Dungeon.
You worshipped Hepliaklqana.
Hepliaklqana was pleased with you.
You visited 2 branches of the dungeon, and saw 6 of its levels.

You collected 150 gold pieces.
You spent 54 gold pieces at shops.

Inventory:

Hand Weapons
 a - a +0 hand axe
 r - a +2 dagger of freezing (weapon)
Missiles
 i - 10 poisoned darts (quivered)
 p - 8 atropa-tipped darts
 v - 3 javelins
Armour
 o - a +0 ring mail (worn)
 u - a +0 cloak (worn)
 x - a +0 helmet (worn)
 z - a +0 pair of boots (worn)
Jewellery
 n - an amulet of reflection (around neck)
Wands
 g - a wand of digging (3)
Scrolls
 b - a scroll of identify
 c - a scroll of fog
 d - a scroll of magic mapping
 h - a scroll of enchant weapon {unknown}
 m - a scroll of noise
 q - a scroll of blinking {unknown}
 t - a scroll of immolation {unknown}
 y - a scroll of teleportation {unknown}
 A - a scroll of vulnerability {unknown}
Potions
 j - 2 potions of cancellation {unknown}
 k - 2 potions of might {unknown}
 l - 2 potions of brilliance
 s - a potion of lignification {unknown}
 w - a potion of attraction {unknown}


   Skills:
 + Level 3.7 Fighting
 - Level 1.7 Axes
 + Level 1.6 Throwing
 + Level 1.5 Armour
 + Level 2.6 Dodging
 - Level 5.0 Stealth
 + Level 2.6 Invocations
 + Level 2.1 Evocations


You had 4 spell levels left.
You didn't know any spells.
Your spell library was empty.

Dungeon Overview and Level Annotations

Branches:
Dungeon (5/15)             Temple (1/1) D:4

Altars:
Cheibriados
Fedhas
Hepliaklqana
Qazlal
Xom

Shops:
D:1 !?[=   D:3 (*=[


Innate Abilities, Weirdness & Mutations

Your life essence is reduced to manifest your ancestor. (-10% HP)
You have sharp fingernails.
You have a somewhat thin skeletal structure. (Dex +2, Stealth+)


Message History

The hobgoblin closely misses you.
You hit the hobgoblin. You freeze the hobgoblin.
You kill the hobgoblin!
A steam dragon comes into view.
Kateb casts a spell at the iguana.
The puff of frost hits the iguana.
You swap places.
You hit the iguana. You freeze the iguana.
The iguana is moderately wounded.
The iguana completely misses you.
Kateb points at the iguana and mumbles some strange words.
The stone arrow hits the iguana.
You hit the iguana. You freeze the iguana.
The iguana is almost dead.
The iguana bites you! The steam dragon breathes steam at you.
The ball of steam hits Kateb!
Kateb resists.
The ball of steam hits you!
* * * LOW HITPOINT WARNING * * *
Kateb points at the steam dragon and mumbles some strange words.
The puff of frost hits the steam dragon.
As you read the scroll of fear, it crumbles to dust.
You assume a fearsome visage.
The iguana looks frightened!
The steam dragon looks frightened!
Kateb casts a spell at the steam dragon.
The stone arrow hits the steam dragon!
Kateb's attack snaps the steam dragon out of its fear.
The steam dragon barely misses you. The steam dragon closely misses you.
You feel yourself speed up.
Kateb misses the steam dragon.
The steam dragon breathes steam at you. The ball of steam misses you.
Okay, then.
It was a potion of brilliance.
You feel clever all of a sudden.
Kateb barely misses the steam dragon.
The steam dragon breathes steam at you. The ball of steam hits you!!
Ouch! That really hurt!
You die...

.........# #?#.#
.......#.# #.#.#
...#.....#### #)#.######
..##.#.......###.#.......
...#................l....
...###.......#...##......
.... .........†R§.......
...## ###.###.D§##...?..
.... .......@# ...## ....
#.###.#.# ..# ##... #.#.#
.# .... #.#.# # #.#.# #.#
#.# #.#


You could see the friendly Kateb the battlemage and a steam dragon (catching
breath, ally target).

Vanquished Creatures
  An orc priest (D:4)
  Natasha (twice) (D:3)
  Robin (D:3)
  A gnoll (D:1)
  An adder (D:3)
  A dart slug (D:3)
  An orc (D:4)
  6 ball pythons
  5 bats
  8 endoplasms
  5 giant cockroaches
  15 goblins
  8 hobgoblins
  5 jackals
  5 kobolds
  3 quokkas
  2 frilled lizards
  6 rats
76 creatures vanquished.

Vanquished Creatures (collateral kills)
  Natasha (D:3)
  An adder (D:2)
  An orc (D:4)
  A giant cockroach (D:2)
  2 goblins (D:3)
  2 jackals (D:3)
8 creatures vanquished.

Grand Total: 84 creatures vanquished

Notes
Turn   | Place    | Note
-------+----------+-------------------------------------------
     0 | D:5      | flotson the Demonspawn Delver began the quest for the Orb.
     0 | D:5      | Reached XP level 1. HP: 18/18 MP: 1/1
   110 | D:4      | Noticed a scorpion
   124 | D:4      | Found a staircase to the Ecumenical Temple.
   131 | Temple   | Entered the Ecumenical Temple
   145 | Temple   | Became a worshipper of Hepliaklqana the Forgotten
   291 | D:2      | Reached skill level 1 in Invocations
   291 | D:2      | Gained mutation: You have a somewhat thin skeletal
                  | structure. (Dex +2, Stealth+) [demonic ancestry]
   291 | D:2      | Reached XP level 2. HP: 23/24 MP: 2/2
   325 | D:1      | Found Egetwelu's Magic Scroll Emporium.
   372 | D:1      | Bought a scroll of identify for 22 gold pieces
   372 | D:1      | Bought a scroll of noise for 11 gold pieces
   520 | D:1      | Found Hutwiogh's Armour Shop.
   738 | D:1      | Found Cow Mibb's Distillery.
   757 | D:1      | Reached XP level 3. HP: 17/29 MP: 3/3
   926 | D:1      | Found Mublenuu's Jewellery Emporium.
   952 | D:1      | Reached skill level 1 in Evocations
  1310 | D:2      | Reached skill level 1 in Throwing
  1454 | D:2      | Reached * piety under Hepliaklqana
  1786 | D:2      | Gained mutation: You have sharp fingernails. [demonic
                  | ancestry]
  1786 | D:2      | Reached XP level 4. HP: 26/31 MP: 5/5
  1875 | D:3      | Reached skill level 1 in Armour
  1900 | D:3      | Found Opninaah's General Store.
  1913 | D:3      | Noticed Robin
  1934 | D:3      | Killed Robin
  2019 | D:3      | Found Ofiapeus's Antique Armour Emporium.
  2032 | D:3      | Found a faded altar of an unknown god.
  2098 | D:3      | Noticed Natasha
  2105 | D:3      | Killed Natasha
  2106 | D:3      | Reached XP level 5. HP: 36/36 MP: 6/6
  2120 | D:3      | Found Uhifriza's Jewellery Shoppe.
  2241 | D:3      | Noticed Natasha
  2251 | D:3      | Killed Natasha
  2332 | D:3      | Reached ** piety under Hepliaklqana
  2333 | D:3      | Remembered your ancestor Kateb as a battlemage
  2480 | D:3      | Found Naekh's Weapon Shop.
  2486 | D:3      | Bought 3 atropa-tipped darts for 21 gold pieces
  2508 | D:3      | Noticed Natasha
  2515 | D:3      | Killed Natasha
  2630 | D:4      | Reached skill level 5 in Stealth
  2667 | D:4      | Noticed a steam dragon
  2675 | D:4      | Killed from afar by a steam dragon

Illustrated notes

Levels and vault maps discovered:
D:1:      giann_horns, layout_loops_cross, serial_shops, nicolae_shop_stone,
          nicolae_shop_behind_doors, shop, shop, serial_forest,
          infiniplex_forest_straight_2, infiniplex_forest_clump_long,
          infiniplex_forest_straight_2, infiniplex_forest_clump_small,
          infiniplex_forest_lined_3, infiniplex_forest_straight_1,
          infiniplex_forest_clump_small, minmay_close_crescents
D:2:      layout_basic
D:3:      layout_loops_cross, hellmonk_ecumenical_altar_dog_temple,
          serial_shops, shop, nicolae_shop_advertising_works
          [nicolae_subvault_shop_adworks], nicolae_shop_stone,
          nicolae_shop_bloodbath_and_beyond, minmay_misc_feat_hallway,
          uniq_natasha, uniq_robin
D:4:      layout_basic, mainiacjoe_overflow_brackets,
          mainiacjoe_overflow_tiny_flanked, minmay_temple_entry_statues_pillars
D:5:      layout_loops_ring, mainiacjoe_overflow_cross_hatched,
          dk_rats_in_the_wall
Temple:   nicolae_temple_superstar

Skill      XL: |  1  2  3  4  5 |
---------------+----------------+-----
Invocations    | 1 2 |  2.6
Dodging        | 2 |  2.6
Evocations     | 1 2 |  2.1
Throwing       | 1 |  1.6
Armour         | 1 |  1.5
Stealth        | 5 |  5.0
Fighting       | |  3.7
Axes           | |  1.7

Action                   |  1- 3 |  4- 6 || total
-------------------------+-------+-------++-------
Melee: Hand axe          |    61 |       ||    61
       Punch             |     2 |     1 ||     3
       Dagger            |    39 |    83 ||   122
Invok: Ancestor Life: Ba |       |     1 ||     1
  Use: Potion            |       |     2 ||     2
       Scroll            |       |     1 ||     1
 Stab: Sleeping          |    16 |     7 ||    23
       Distracted        |       |     1 ||     1
Armor: Leather armour    |     9 |       ||     9
       Ring mail         |    25 |    21 ||    46
       Chain mail        |     3 |       ||     3
Dodge: Dodged            |    43 |    42 ||    85
Block: Other             |    11 |    21 ||    32

Table legend: (Time is in decaauts)
 A = Elapsed time spent in this place.
 B = Non-inter-level travel time spent in this place.
 C = Inter-level travel time spent in this place.
 D = Time resting spent in this place.
 E = Time spent auto-exploring this place.
 F = Levels seen in this place.
 G = Mean time per level.
                   A        B        C        D        E       F      G
               +--------+--------+--------+--------+--------+-----+--------+
         Total |   2687 |   2567 |    120 |      0 |   1905 |   6 |  447.8 |
       Dungeon |   2653 |   2549 |    104 |      0 |   1894 |   5 |  530.6 |
        Temple |     33 |     17 |     16 |      0 |     11 |   1 |   33.0 |
               +--------+--------+--------+--------+--------+-----+--------+

Top non-repeatable levels by time:
     D:1: 949 daAuts
     D:3: 802 daAuts
     D:2: 671 daAuts
     D:4: 147 daAuts
     D:5: 83 daAuts
  Temple: 33 daAuts
